 Dungeon Crawl Stone Soup version 0.30-a0-986-g7f2e898f52 (webtiles) character file.

Game seed: 15684148214389188063

19756 Grim the Fighter (level 12, -17/117 HPs)
             Began as a Minotaur Fighter on Apr 2, 2023.
             Was an Initiate of Gozag.
             Engulfed by an ice statue's freezing vapour (20 damage)
             ... in an ice cave.
             The game lasted 00:24:03 (13292 turns).

Grim the Fighter (Minotaur Fighter)                Turns: 13292, Time: 00:24:03

Health: -17/117    AC: 13    Str: 32    XL:     12   Next: 39%
Magic:  11/11      EV: 25    Int:  5    God:    Gozag
Gold:   1360       SH:  4    Dex: 10    Spells: 11/11 levels left

rFire   + . .      SeeInvis .    K - +4 spear
rCold   . . .      Faith    .    c - +0 buckler
rNeg    + . .      Spirit   .    E - +4 ring mail of the Known World {rN+}
rPois   .          Reflect  .    (helmet restricted)
rElec   +          Rampage  +    (no cloak)
rCorr   .                        G - +1 pair of gloves of the Bursted God {Rampage rElec rF+}
Will    .....                    S - +0 pair of boots Stlth
                                 C - amulet of regeneration
HPRegen 1.19/turn                a - ring of the Hare {EV+10}
MPRegen 0.12/turn                L - +6 ring of strength

@: gold aura
A: horns 2, retaliatory headbutt
a: Renounce Religion, Potion Petition, Call Merchant, Bribe Branch


You were in an ice cave.
You worshipped Gozag.
Gozag was most pleased with you.
You visited 1 branch of the dungeon, and saw 12 of its levels.
You also visited: Ossuary, Bailey and Ice Cave.

You collected 2753 gold pieces.
You spent 247 gold pieces at shops.
You paid 1146 gold pieces to Gozag.

Inventory:

Hand Weapons
 p - the +5 sling of the Vine {speed, Fly Dex+3}
   (You found it on level 2 of the Dungeon)

   Dex:       It affects your dexterity (+3).
   Fly:       It grants you flight.
 K - a +4 spear (weapon)
Missiles
 J - 5 throwing nets (quivered)
Armour
 c - a +0 buckler (worn)
 s - a +1 chain mail of fire resistance
 E - the +4 ring mail of the Known World (worn) {rN+}
   (You found it in an ice cave)

   rN:        It protects you from negative energy.
 G - the +1 pair of gloves of the Bursted God (worn) {Rampage rElec rF+}
   (You bought it in a shop on level 2 of the Dungeon)

   rF:        It protects you from fire.
   rElec:     It insulates you from electricity.
   Rampage:   It bestows one free step when moving towards enemies.
 S - a +0 pair of boots (worn)
Jewellery
 a - the ring of the Hare (left hand) {EV+10}
   (You acquired it in a bailey)

   [ring of evasion]

   EV:        It affects your evasion (+10).
 k - a ring of flight
 u - a ring of fire
 C - an amulet of regeneration (around neck)
 F - a ring of magical power
 L - a +6 ring of strength (right hand)
 R - an amulet of magic regeneration
Wands
 x - a wand of digging (2)
 y - a wand of mindburst (5)
 z - a wand of flame (29)
 A - a wand of paralysis (8)
 D - a wand of roots (4)
 N - a wand of light (13)
 O - a wand of polymorph (7)
Scrolls
 e - a scroll of torment
 f - a scroll of vulnerability
 g - 6 scrolls of noise
 h - 7 scrolls of teleportation
 i - 4 scrolls of fog
 n - 3 scrolls of amnesia
 q - 6 scrolls of immolation
 r - a scroll of enchant armour
 t - 2 scrolls of identify
 v - 2 scrolls of enchant weapon
 w - 3 scrolls of blinking
 M - 3 scrolls of fear
Potions
 b - 2 potions of degeneration {!q}
 d - a potion of haste {unknown}
 j - a potion of heal wounds
 l - a potion of berserk rage {unknown}
 m - 8 potions of curing
 o - a potion of resistance {unknown}
 B - 2 potions of brilliance {unknown}
 H - a potion of lignification {unknown}
 I - 2 potions of cancellation
 P - a potion of magic {unknown}


   Skills:
 + Level 14.2 Fighting
 - Level 14.0 Polearms
 - Level 3.6 Armour
 * Level 13.8 Dodging
 - Level 3.6 Shields


You had 11 spell levels left.
You didn't know any spells.
Your spell library contained the following spells:

 Spells                   Type           Power      Damage    Failure   Level
 Beastly Appendage        Tmut           0%         N/A       67%         1
 Foxfire                  Conj/Fire      0%         2x1d2     67%         1
 Kiss of Death            Conj/Necr      0%         2d5       67%         1
 Sting                    Tmut/Pois      0%         1d3       67%         1
 Poisonous Vapours        Pois/Air       0%         N/A       82%         2
 Wereblood                Tmut           0%         N/A       82%         2
 Confusing Touch          Hex            0%         N/A       96%         3
 Ozocubu's Armour         Ice            0%         N/A       96%         3
 Spider Form              Tmut/Pois      0%         N/A       96%         3
 Dispel Undead            Necr           0%         3d6       100%        4
 Olgreb's Toxic Radiance  Pois           0%         N/A       100%        4
 Fireball                 Conj/Fire      0%         3d3       100%        5
 Freezing Cloud           Conj/Ice/Air   0%         6-21      100%        5
 Starburst                Conj/Fire      0%         6d3       100%        6
 Ozocubu's Refrigeration  Ice            0%         4d7       100%        7
 Polar Vortex             Ice            0%         N/A       100%        9
 Simulacrum               Ice/Necr       Unusable   N/A       N/A         6

Dungeon Overview and Level Annotations

Branches:
Dungeon (12/15)            Temple (0/1) D:7            Lair (0/5) D:9
    Orc (0/2) D:11        Ossuary (visited)          Bailey (visited)
  IceCv (1/1)

Altars:
Elyvilon
Fedhas
Gozag
Hepliaklqana
Makhleb
Vehumet
Zin

Shops:
D:2 [   D:5 *

Portals:
Trove: D:10 (give +6 demon blade)

Annotations:
IceCv exclusion: ice statue


Innate Abilities, Weirdness & Mutations

You have a pair of horns on your head.
You reflexively headbutt those who attack you in melee.


Message History

You are engulfed in freezing vapours.
The ice beast completely misses you.
The ice beast hits you but does no damage.
You hit the ice statue but do no damage.
You headbutt the ice statue.
The ice statue is almost destroyed.
You are engulfed in freezing vapours.
* * * LOW HITPOINT WARNING * * *
The ice beast closely misses you. You furiously retaliate!
You headbutt the ice beast, but do no damage.
You barely miss the ice statue. You headbutt the ice statue.
The ice statue is almost destroyed.
You are engulfed in freezing vapours.
* * * LOW HITPOINT WARNING * * *
The ice beast closely misses you. The ice beast misses you.
You furiously retaliate!
You headbutt the ice beast, but do no damage.
You hit the ice statue. You headbutt the ice statue.
You destroy the ice statue!
The ice beast disappears in a puff of smoke!
You are engulfed in freezing vapours.
* * * LOW HITPOINT WARNING * * *
The ice beast barely misses you.
Unknown command.
The ice beast attacks as you move away! The ice beast closely misses you.
You are engulfed in freezing vapours.
* * * LOW HITPOINT WARNING * * *
You see here 19 gold pieces.
Unknown command.
As you read the scroll of fear, it crumbles to dust.
You assume a fearsome visage.
The anaconda simulacrum is unaffected.
The ice beast looks frightened!
The ice statue is unaffected.
The ice beast looks frightened!
The anaconda simulacrum is unaffected.
You are engulfed in freezing vapours.
* * * LOW HITPOINT WARNING * * *
The ice statue gestures at you. The bolt of cold hits you.
* * * LOW HITPOINT WARNING * * *
You are engulfed in freezing vapours.
You die...
Your body crumbles into a pile of gold.

### ############# ### ?..#
##.....#.....## ##..
....###......#[.....###...
...Z#.......#.......#....
W..Z8..................∩.
#°°Y°Y..#.......#.... $
##..°...#......###...
##○@..$#(....## ##..
############# ###


You could see an ice statue, 2 ice beasts and 2 anaconda simulacra.

Vanquished Creatures
  A boulder beetle (D:10)
  2 two-headed ogres
  Nergalle (D:11)
  Pikel (D:4)
  An orc knight (Bailey)
  2 ugly things
  A manticore (D:11)
  2 cyclopes
  2 ice statues (IceCv)
  A gargoyle (D:12)
  A kobold demonologist (D:12)
  Maggie (D:6)
  2 rime drakes (D:12)
  A troll (D:12)
  Grinder (D:6)
  4 slime creatures (D:12)
  A wyvern (D:8)
  3 shadows
  2 wraiths
  Eustachio (D:5)
  14 yaks
  A basilisk (D:12)
  16 vampire mosquitoes
  A steam dragon (D:9)
  Menkaure (D:6)
  2 death yak simulacra (IceCv)
  6 water moccasins
  Edmund (D:6)
  An acid dragon (D:8)
  A hydra simulacrum (IceCv)
  14 orc warriors
  A sky beast (D:8)
  2 ice beasts
  2 black bears (D:7)
  An ogre (D:7)
  4 centaurs
  2 lemures (D:4)
  2 kobold brigands (D:6)
  An elf zombie (Ossuary)
  6 bullfrogs
  2 cane toad simulacra (IceCv)
  2 scorpions
  A gnoll sergeant (D:9)
  10 wights (D:8)
  11 howler monkeys
  2 jellies
  4 human zombies (Ossuary)
  3 hounds
  4 orc priests
  A gnoll bouda (D:7)
  2 iguanas (D:6)
  Ijyb (D:4)
  5 orc wizards
  A polar bear simulacrum (IceCv)
  A hound zombie (Ossuary)
  5 mummies
  Robin (D:3)
  4 adders
  9 gnolls
  A shadow imp (D:6)
  3 white imps
  2 adder zombies (Ossuary)
  A worm (D:5)
  A dart slug (D:1)
  39 orcs
  2 endoplasms
  3 giant cockroaches
  16 goblins
  11 hobgoblins
  6 jackals
  4 quokkas
  5 ball pythons
  3 bats
  5 frilled lizards
  A gnoll zombie (Ossuary)
  A goblin zombie (D:4)
  2 jackal zombies (Ossuary)
  14 kobolds
  A kobold zombie (Ossuary)
  An orc zombie (D:4)
  6 rats
307 creatures vanquished.

Notes
Turn   | Place    | Note
-------+----------+-------------------------------------------
     0 | D:1      | Grim the Minotaur Fighter began the quest for the Orb.
     0 | D:1      | Reached XP level 1. HP: 19/19 MP: 0/0
    91 | D:1      | Reached XP level 2. HP: 22/26 MP: 1/1
   637 | D:1      | Reached XP level 3. HP: 31/31 MP: 2/2
   729 | D:2      | Found an opulent altar of Gozag.
   760 | D:2      | Became a worshipper of Gozag Ym Sagoz the Greedy
   772 | D:2      | Identified the +5 sling of the Vine {speed, Fly Dex+3}
   974 | D:2      | Found Kuixenol's Antique Armour Shoppe.
  1340 | D:3      | Reached skill level 5 in Polearms
  1365 | D:3      | Found a glowing silver altar of Zin.
  2179 | D:4      | Noticed a lemure
  2179 | D:4      | Noticed a lemure
  2211 | D:4      | Killed a lemure
  2214 | D:4      | Killed a lemure
  2262 | D:4      | Noticed Pikel
  2274 | D:4      | Killed Pikel
  2275 | D:4      | Reached XP level 4. HP: 11/39 MP: 3/3
  2275 | D:4      | Reached XP level 5. HP: 12/45 MP: 4/4
  2275 | D:4      | Reached XP level 6. HP: 14/51 MP: 5/5
  2275 | D:4      | Reached XP level 7. HP: 16/57 MP: 6/6
  2498 | D:4      | Found a sand-covered staircase.
  2503 | D:4      | Identified the +6 short sword of Iwnab {heavy, rPois rF++
                  | MP+9}
  2506 | Ossuary  | Entered an ossuary
  2531 | Ossuary  | Reached skill level 10 in Polearms
  2607 | Ossuary  | HP: 2/57 [human zombie (6)]
  2886 | D:4      | Identified the +1 ring mail of the Slightly Bent {rElec
                  | Str+2 Int+2 Stlth-}
  3135 | D:4      | Noticed Robin
  3136 | D:4      | Noticed Ijyb
  3273 | D:3      | Killed Robin
  3463 | D:4      | Killed Ijyb
  3464 | D:4      | Reached XP level 8. HP: 55/64 MP: 7/7
  3854 | D:5      | Entered Level 5 of the Dungeon
  3856 | D:5      | Found a radiant altar of Vehumet.
  3878 | D:5      | Found Zukio's Serpentskin Sales.
  3901 | D:5      | HP: 3/64 [water moccasin (7)]
  4305 | D:5      | Noticed Eustachio
  4559 | D:5      | Killed Eustachio
  4597 | D:5      | Found a burning altar of Makhleb.
  4790 | D:5      | Found an opulent altar of Gozag.
  5653 | D:5      | Found a hazy altar of Hepliaklqana.
  5765 | D:6      | Noticed Edmund
  5768 | D:6      | Killed Edmund
  5769 | D:6      | Reached XP level 9. HP: 71/71 MP: 8/8
  5790 | D:6      | Noticed Menkaure
  5793 | D:6      | Killed Menkaure
  5798 | D:6      | Reached skill level 5 in Fighting
  6131 | D:6      | Noticed Maggie
  6142 | D:6      | Killed Maggie
  6618 | D:6      | Noticed Grinder
  6628 | D:6      | Killed Grinder
  7209 | D:7      | Found a flagged portal.
  7226 | Bailey   | Entered a bailey
  7285 | Bailey   | Reached skill level 1 in Dodging
  7412 | Bailey   | Reached XP level 10. HP: 89/93 MP: 9/9
  7455 | Bailey   | Reached skill level 10 in Fighting
  7642 | Bailey   | Noticed an orc knight
  7649 | Bailey   | Killed an orc knight
  7650 | Bailey   | Reached skill level 5 in Dodging
  7732 | Bailey   | Acquired the ring of the Hare {EV+10}
  7732 | Bailey   | Found the ring of the Hare {EV+10}
  8006 | D:2      | Bought a pair of polished gloves for 247 gold pieces
  8006 | D:2      | Identified the +1 pair of gloves of the Bursted God
                  | {Rampage rElec rF+} (You bought it in a shop on level 2 of
                  | the Dungeon)
  8324 | D:7      | Found a staircase to the Ecumenical Temple.
  9962 | D:9      | Found a blossoming altar of Fedhas.
 10323 | D:9      | Reached XP level 11. HP: 104/104 MP: 10/10
 10403 | D:9      | Found a staircase to the Lair.
 10456 | D:10     | Entered Level 10 of the Dungeon
 10528 | D:10     | Noticed a two-headed ogre
 10535 | D:10     | Killed a two-headed ogre
 10581 | D:10     | Identified the +8 dagger of Ummuisol {venom, Int+3 Dex+3}
 10676 | D:10     | Found a white marble altar of Elyvilon.
 10682 | D:10     | Noticed a boulder beetle
 10714 | D:10     | Killed a boulder beetle
 10715 | D:10     | Reached skill level 10 in Dodging
 10805 | D:10     | Found a portal to a secret trove of treasure.
 11183 | D:11     | Noticed Nergalle
 11203 | D:11     | Killed Nergalle
 11466 | D:11     | Found a staircase to the Orcish Mines.
 11895 | D:11     | Noticed a green ugly thing
 11910 | D:11     | Killed a green ugly thing
 12328 | D:12     | Reached XP level 12. HP: 115/115 MP: 11/11
 12532 | D:12     | Noticed a two-headed ogre
 12542 | D:12     | Killed a two-headed ogre
 12589 | D:12     | Found a frozen archway.
 12631 | IceCv    | Entered an ice cave
 12858 | IceCv    | Identified the +4 ring mail of the Known World {rN+}
 13291 | IceCv    | HP: 3/117 [ice statue/bolt of cold (4)]
 13292 | IceCv    | Engulfed by an ice statue's freezing vapour

Illustrated notes

Levels and vault maps discovered:
D:1:      dpeg_arrival_orchard, layout_basic, minmay_bisected
D:2:      layout_rooms, basic_altar, serial_shops, nicolae_shop_crystal,
          small_statue_intersection
D:3:      layout_basic, mainiacjoe_overflow_six_doors_small
D:4:      kennysheep_the_goblin_king, layout_gridville,
          nicolae_ossuary_entry_giza, nicolae_goblin_pals, uniq_pikel
D:5:      layout_layer_cave, lemuel_tele_altar, lemuel_crystal_altar,
          vehumet_altar_wand_db, general_overflow_altar,
          chequers_serial_rivers_micro_b, guppyfry_shop_venom, uniq_eustachio
D:6:      layout_layer_cave, chequers_serial_rivers_large_a,
          kennysheep_generic_room_6, uniq_menkaure, uniq_grinder, uniq_maggie,
          uniq_edmund
D:7:      layout_gridville, minmay_temple_entry_grid, enter_bailey_5
D:8:      layout_gridville
D:9:      layout_rooms, old_standard_altar, lair_entry_dummy,
          serial_corexii_hall, chequers_hall_statues_y, corexii_hall_statues_s
D:10:     layout_roguey, elyvilon_altar_1, nicolae_trove_entry_isolated
D:11:     layout_stronghold, orc_0_dummy, uniq_nergalle
D:12:     layout_gridville, portal_ice_cave_rime
IceCv:    ice_cave_statue_garden_chambered

Skill      XL: |  1  2  3  4  5  6  7  8  9 10 11 12 |
---------------+-------------------------------------+-----
Polearms       | 3 4 9 11 14 | 14.0
Fighting       | 4 9 11 13 14 | 14.2
Dodging        | 3 8 12 13 | 13.8
Armour         | |  3.6
Shields        | |  3.6

Action                     |  1- 3 |  4- 6 |  7- 9 | 10-12 || total
---------------------------+-------+-------+-------+-------++-------
  Melee: Trident           |   135 |       |   412 |    84 ||   631
         Headbutt          |    15 |       |    46 |   166 ||   227
         Spear             |       |       |       |   614 ||   614
  Throw: Throwing net      |       |       |       |     1 ||     1
 Invoke: Potion Petition   |       |       |     2 |     2 ||     4
  Evoke: Wand              |       |       |       |     5 ||     5
    Use: Potion            |     1 |       |     5 |     2 ||     8
         Scroll            |       |       |     1 |    16 ||    17
   Stab: Distracted        |       |       |     1 |     3 ||     4
         Held in net/web   |       |       |       |     3 ||     3
 Armour: Scale mail        |    33 |       |       |       ||    33
         Chain mail        |    12 |       |   193 |    57 ||   262
         Ring mail         |       |       |       |     9 ||     9
  Dodge: Dodged            |    50 |       |   120 |   272 ||   442
  Block: Buckler           |    18 |       |    60 |    64 ||   142

Table legend: (Time is in decaauts)
 A = Elapsed time spent in this place.
 B = Non-inter-level travel time spent in this place.
 C = Inter-level travel time spent in this place.
 D = Time resting spent in this place.
 E = Time spent auto-exploring this place.
 F = Levels seen in this place.
 G = Mean time per level.
                   A        B        C        D        E       F      G
               +--------+--------+--------+--------+--------+-----+--------+
         Total |  12883 |  12401 |    482 |   2559 |   7644 |  15 |  858.9 |
       Dungeon |  11248 |  10766 |    482 |   1668 |   7319 |  12 |  937.3 |
       Ossuary |    366 |    366 |      0 |    123 |    101 |   1 |  366.0 |
        Bailey |    641 |    641 |      0 |    270 |    208 |   1 |  641.0 |
      Ice Cave |    627 |    627 |      0 |    498 |     16 |   1 |  627.0 |
               +--------+--------+--------+--------+--------+-----+--------+

Top non-repeatable levels by time:
     D:5: 1642 daAuts
     D:6: 1471 daAuts
     D:3: 1322 daAuts
     D:4: 1265 daAuts
     D:7: 1018 daAuts
    D:11: 901 daAuts
     D:8: 786 daAuts
     D:1: 728 daAuts
    D:10: 691 daAuts
  Bailey: 641 daAuts
   IceCv: 627 daAuts
     D:9: 521 daAuts
     D:2: 500 daAuts
    D:12: 399 daAuts
 Ossuary: 366 daAuts
